AoeStats
← Luid2026

Arabia

510134017Analyzed
1v1 RM · 2d ago on Sep 29, 2026· 51m 46s· 2 players
Game mode
Random Map
Map size
Tiny (2 player)
Population
200
Speed
Normal
Resources
Standard
Victory
Conquest
Starting age
Dark Age
Ending age
Imperial Age
RankedLock teamsTeams togetherTeam positionsShared explorationLock speedFull tech treeHidden civsTurbo modeCheats
Victory
Defeat
🇪🇸 Japanese · Spain
703
+15
🇪🇨 Ethiopians · Ecuador
677
-15
Luid2026
7:58 Loom
10:18 Feudal Age
12:28 Arson
12:46 Double-Bit Axe
13:34 Gold Mining
14:28 Horse Collar
17:12 Padded Archer Armor
17:14 Man-at-Arms
18:27 Fletching
19:35 Scale Mail Armor
19:46 Forging
26:43 Castle Age
27:32 Thumb Ring
26:48 Crossbowman
26:49 Elite Skirmisher
27:34 Squires
26:55 Long Swordsman
27:54 Leather Archer Armor
31:03 Bow Saw
31:48 Ballistics
31:53 Heavy Plow
35:04 Wheelbarrow
34:29 Bodkin Arrow
34:54 Masonry
35:43 Stone Mining
38:38 Chain Mail Armor
40:50 Iron Casting
41:56 Husbandry
44:24 Stone Shaft Mining
44:29 Scale Barding Armor
45:28 Heated Shot
46:25 Chain Barding Armor
46:03 Murder Holes
46:00 Guard Tower
diegoempires
5:18 Loom
10:20 Feudal Age
11:10 Double-Bit Axe
11:12 Horse Collar
17:58 Gold Mining
18:01 Man-at-Arms
20:09 Wheelbarrow
21:38 Castle Age
21:16 Wheelbarrow
22:34 Bow Saw
22:19 Elite Skirmisher
25:58 Heavy Plow
26:14 Town Watch
26:46 Hand Cart
33:10 Husbandry
33:21 Bloodlines
33:36 Thumb Ring
36:19 Ballistics
36:52 Gold Shaft Mining
38:51 Imperial Age
36:14 Stone Mining
37:02 Long Swordsman
39:25 Two-Handed Swordsman
40:08 Squires
39:55 Gambesons
40:47 Forging
40:38 Scale Mail Armor
42:06 Iron Casting
41:49 Scale Barding Armor
41:35 Champion
42:37 Chain Mail Armor
43:30 Chemistry
42:39 Padded Archer Armor
42:36 Fletching
43:51 Blast Furnace
42:49 Pikeman
42:52 Cavalier
45:52 Plate Mail Armor
45:45 Chain Barding Armor
45:26 Bodkin Arrow
Connection lost

Rejoining the realm…

Still unreachable

The connection could not be restored.

Session expired

The server has moved on; the page needs a fresh start.